 Dungeon Crawl Stone Soup version 0.29-a0-529-gfa20dd96a1 (webtiles) character file.

Game seed: 11361297794083118868

30331 happo123 the Covert (level 13, 0/78 HPs)
             Began as a Kobold Enchanter on June 1, 2022.
             Was a High Priest of Dithmenos.
             Slain by a basilisk (3 damage)
             ... while petrified by a basilisk
             ... on level 5 of the Lair of Beasts.
             The game lasted 01:55:35 (19260 turns).

happo123 the Covert (Kobold Enchanter)             Turns: 19260, Time: 01:55:36

Health: 0/78       AC: 15    Str:  7    XL:     13   Next: 87%
Magic:  18/24      EV:  3    Int: 27    God:    Dithmenos [*****.]
Gold:   2565       SH:  0    Dex: 18    Spells: 9/27 levels left

rFire   . . .      SeeInvis .   Q - +2 dagger (vamp)
rCold   + . .      Faith    .   (no shield)
rNeg    + + +      Spirit   .   S - +1 troll leather armour
rPois   ∞          Reflect  .   u - +1 hat
rElec   +          Harm     .   q - +0 cloak
rCorr   .          Rampage  .   U - +3 Mad Mage's Maulers {Infuse+∞ RegenMP Int-3}
Will    .....      NoTele   +   T - +2 pair of boots "Futujil" {Dex+3 Slay+3} Stlth *+++++++++
                                R - amulet of Nanieb {RegenMP -Tele rElec rC+ Int+2}
HPRegen 1.03/turn               G - +4 ring of evasion
MPRegen 0.99/turn               W - +6 ring of intelligence

@: petrified, wreathed by umbra, studying Maces & Flails
A: small, no large weapons, nightstalker 3, camouflage 1, screaming 1, strong 1
a: Renounce Religion, Shadow Step, Shadow Form


You were on level 5 of the Lair of Beasts.
You worshipped Dithmenos.
Dithmenos was extremely pleased with you.
You visited 3 branches of the dungeon, and saw 16 of its levels.
You also visited: Ice Cave.

You collected 3369 gold pieces.
You spent 804 gold pieces at shops.

Inventory:

Hand Weapons
 a - a +1 dagger
 h - a +1 dagger of freezing
 i - the +10 mace of Urgency {elec, Dex+3}
   (You found it on level 2 of the Dungeon)

   It occasionally discharges a powerful burst of electricity upon striking a
   foe.
   Dex:       It affects your dexterity (+3).
 w - a +2 dagger of venom
 Q - a +2 vampiric dagger (weapon)
Armour
 q - a +0 cloak (worn)
 u - a +1 hat (worn)
 H - +0 steam dragon scales
 S - a +1 troll leather armour (worn)
 T - the +2 pair of boots "Futujil" (worn) {Dex+3 Slay+3}
   (You bought it in a shop on level 7 of the Dungeon)

   Dex:       It affects your dexterity (+3).
   Slay:      It affects your accuracy & damage with ranged weapons and melee
   (+3).
 U - the +3 Mad Mage's Maulers (worn) {Infuse+∞ RegenMP Int-3}
   (You acquired it on level 7 of the Dungeon)

   It empowers its wearer's blows with all of their magic.
   It causes its wearer's magical reserves to regenerate more quickly.
   Int:       It affects your intelligence (-3).
Magical Staves
 g - a staff of death
 v - a staff of earth
 E - a staff of air
Jewellery
 b - a +6 ring of intelligence
 B - an amulet of reflection
 G - a +4 ring of evasion (left hand)
 J - a ring of ice
 K - a ring of protection from cold
 M - a ring of positive energy
 R - the amulet of Nanieb (around neck) {RegenMP -Tele rElec rC+ Int+2}
   (You acquired it on level 10 of the Dungeon)

   [amulet of magic regeneration]

   It increases your rate of magic regeneration.
   Int:       It affects your intelligence (+2).
   rC:        It protects you from cold.
   rElec:     It insulates you from electricity.
   -Tele:     It prevents most forms of teleportation.
 W - a +6 ring of intelligence (right hand)
 X - a +6 ring of strength
 Y - an amulet of regeneration
Wands
 y - a wand of polymorph (30)
 C - a wand of iceblast (6)
 N - a wand of digging (6)
Scrolls
 d - 3 scrolls of enchant weapon
 k - 5 scrolls of fear
 l - a scroll of magic mapping
 m - 3 scrolls of amnesia
 A - 3 scrolls of poison
 D - 4 scrolls of immolation
 F - a scroll of vulnerability
 I - 3 scrolls of fog
 L - 2 scrolls of summoning
 O - 5 scrolls of teleportation
 V - a scroll of blinking
Potions
 c - 2 potions of invisibility
 e - 2 potions of heal wounds
 f - 2 potions of attraction
 j - 7 potions of brilliance
 n - a potion of magic {unknown}
 o - 3 potions of resistance
 p - a potion of haste {unknown}
 r - 2 potions of might
 s - 4 potions of flight
 x - 6 potions of curing
 z - 2 potions of lignification {unknown}
 P - 2 potions of ambrosia {unknown}
 Z - a potion of degeneration {unknown}


   Skills:
 + Level 8.0 Fighting
 + Level 9.6 Short Blades
 + Level 5.9 Maces & Flails
 - Level 1.2 Bows
 + Level 5.0 Armour
 + Level 9.1 Dodging
 + Level 11.1 Stealth
 + Level 7.7 Spellcasting
 * Level 11.0 Hexes
 + Level 6.8 Ice Magic
 + Level 6.7 Invocations


You had 9 spell levels left.
You knew the following spells:

 Your Spells              Type           Power      Damage    Failure   Level
a - Ensorcelled Hibernat  Hex/Ice        100%       N/A       1%          2
b - Confusing Touch       Hex            63%        N/A       1%          3
c - Tukima's Dance        Hex            63%        N/A       1%          3
d - Dazzling Flash        Conj/Hex       80%        N/A       2%          3
e - Frozen Ramparts       Ice            94%        1d11      1%          3
f - Leda's Liquefaction   Hex/Erth       20%        N/A       8%          4

Your spell library contained the following spells:

 Spells                   Type           Power      Damage    Failure   Level
 Freeze                   Ice            100%       1d11      1%          1
 Scorch                   Fire           20%        2d6       12%         2
 Hailstorm                Conj/Ice       28%        3d8       19%         4
 Ice Form                 Ice/Tmut       28%        N/A       19%         4
 Conjure Flame            Conj/Fire      10%        6-21      22%         3
 Ignite Poison            Fire/Tmut/Pois 10%        N/A       22%         3
 Summon Mana Viper        Hex/Summ       40%        N/A       22%         5
 Yara's Violent Unravell  Hex/Tmut       20%        3d9       22%         5
 Animate Dead             Necr           10%        N/A       58%         4
 Flame Wave               Conj/Fire      10%        2d5       58%         4
 Passage of Golubria      Tloc           10%        N/A       58%         4
 Sticky Flame             Conj/Fire      10%        2d3       58%         4
 Alistair's Intoxication  Tmut/Pois      6%         N/A       91%         5
 Borgnjor's Vile Clutch   Necr/Erth      5%         N/A       91%         5
 Lee's Rapid Deconstruct  Erth           5%         3d7*      91%         5
 Summon Forest            Summ/Tloc      5%         N/A       91%         5
 Death Channel            Necr           5%         N/A       100%        6
 Statue Form              Tmut/Erth      6%         N/A       100%        6
 Summon Cactus Giant      Summ           5%         N/A       100%        6
 Haunt                    Necr/Summ      5%         N/A       100%        7
 Infestation              Necr           5%         N/A       100%        8
 Necromutation            Tmut/Necr      5%         N/A       100%        8
 Chain Lightning          Conj/Air       5%         3d6       100%        9
 Fire Storm               Conj/Fire      5%         8d1       100%        9
 Shatter                  Erth           5%         3d8*      100%        9


Dungeon Overview and Level Annotations

Branches:
Dungeon (10/15)            Temple (1/1) D:5            Lair (5/6) D:10
  Swamp (0/4) Lair:3       Spider (0/4) Lair:4        IceCv (visited)
  Slime: Lair:5-6       Orc: D:9-12

Altars:
Ashenzari
Cheibriados
Dithmenos
Elyvilon
Fedhas
Gozag
Hepliaklqana
Kikubaaqudgha
Makhleb
Nemelex Xobeh
Okawaru
Qazlal
Ru
Sif Muna
Trog
Uskayaw
Vehumet
Wu Jian
Xom
Yredelemnul
Zin
The Shining One
Beogh

Shops:
D:5 ?   D:7 [[


Innate Abilities, Weirdness & Mutations

You are small and have problems with some larger weapons.
You are completely attuned to the shadows.
Your skin changes colour to match your surroundings (Stealth+).
You occasionally shout uncontrollably at your foes.
Your muscles are strong. (Str +2)


Message History

You are slowing down.
Aiming: Ensorcelled Hibernation (safe; 1% risk of failure)
Press: ? - help, Q - select action, (/) - cycle Shift-Dir - straight line, f/p - basilisk
Aim: a basilisk (umbra, chance to affect: 71%)
The basilisk struggles to resist.
The cane toad stings you! x2
The basilisk bites you but does no damage.
Your limbs are stiffening.
Aiming: Ensorcelled Hibernation (safe; 1% risk of failure)
Press: ? - help, Q - select action, (/) - cycle Shift-Dir - straight line, f/p - basilisk
Aim: a basilisk (umbra, chance to affect: 71%)
The basilisk looks drowsy...
The cane toad misses you.
The cane toad stings you but does no damage.
You have turned to stone.
The cane toad stings you! x2
The basilisk bites you! The cane toad stings you! x2
* * * LOW HITPOINT WARNING * * *
The basilisk bites you but does no damage.
The cane toad stings you.
* * * LOW HITPOINT WARNING * * *
The basilisk gazes at you.
The cane toad stings you but does no damage.
The basilisk gazes at you.
You easily resist.
The cane toad stings you!
* * * LOW HITPOINT WARNING * * *
The basilisk bites you.
* * * LOW HITPOINT WARNING * * *
The cane toad stings you!
* * * LOW HITPOINT WARNING * * *
The basilisk bites you!
* * * LOW HITPOINT WARNING * * *
The cane toad stings you but does no damage. x2
The basilisk bites you but does no damage.
The cane toad stings you!
* * * LOW HITPOINT WARNING * * *
The basilisk bites you!
You die...

.........P#
.<........#
..........##
..#.##....P###.
.######......P....#
## #.#............
#...........P..
....≈≈≈.......##
...≈≈≈≈PP.....@##P.#
...≈≈≈≈≈PP...F#l#.P.
...≈≈≈≈≈≈.....#....
..≈≈≈≈≈≈P≈........
..≈≈≈≈≈≈≈P........
≈≈≈≈≈.........
≈≈...........
............
.........


You could see a cane toad and a basilisk.

Vanquished Creatures
  A white draconian (IceCv)
  Snorg (Lair:4)
  A fire dragon (Lair:1)
  Fannar (Lair:2)
  2 hydras
  A catoblepas (Lair:2)
  A lindwurm (Lair:4)
  4 elephants
  2 black mambas
  2 ice statues (IceCv)
  5 cane toads
  A torpor snail (Lair:5)
  3 komodo dragons
  5 rime drakes
  3 meliai
  2 polar bears
  A queen bee (Lair:4)
  2 trolls (D:10)
  5 blink frogs
  11 dream sheep
  2 wraiths (D:9)
  3 wyverns
  27 yaks
  4 steam dragons
  2 basilisks
  4 acid dragons
  14 water moccasins
  3 black bears
  4 orc warriors
  A sky beast (D:7)
  2 ice beasts
  4 wolves
  A phantom (D:7)
  3 centaurs
  A kobold brigand (D:7)
  7 bullfrogs
  A necrophage (D:5)
  2 gnoll sergeants (D:7)
  A scorpion (D:6)
  A wight (D:10)
  42 killer bees
  A lindwurm simulacrum (IceCv)
  An elephant simulacrum (Lair:1)
  8 electric eels
  6 howler monkeys
  6 komodo dragon simulacra (IceCv)
  12 hounds
  11 orc priests
  2 jellies (D:8)
  3 iguanas
  17 orc wizards
  A polar bear simulacrum (Lair:1)
  15 gnolls
  4 acid dragon simulacra (IceCv)
  8 adders
  A river rat (Lair:4)
  2 shadow imps (D:7)
  A white imp (D:7)
  2 ufetubi (D:7)
  10 steam dragon simulacra (IceCv)
  A worm (D:2)
  3 dart slugs
  38 orcs
  10 endoplasms
  A giant cockroach (D:3)
  4 goblins
  4 hobgoblins
  7 jackals (D:5)
  2 quokkas
  9 ball pythons
  5 bats
  2 frilled lizards
  13 kobolds
  5 rats
398 creatures vanquished.

Vanquished Creatures (collateral kills)
  Edmund (D:5)
  3 wights (D:10)
4 creatures vanquished.

Vanquished Creatures (others)
  A rime drake (IceCv)
  A quokka (D:3)
  14 fungi
  19 plants
35 creatures vanquished.

Grand Total: 437 creatures vanquished

Notes
Turn   | Place    | Note
-------+----------+-------------------------------------------
     0 | D:1      | happo123 the Kobold Enchanter began the quest for the Orb.
     0 | D:1      | Reached XP level 1. HP: 10/10 MP: 3/3
   243 | D:1      | Reached XP level 2. HP: 6/15 MP: 5/5
   246 | D:1      | Learned a level 2 spell: Ensorcelled Hibernation
  1142 | D:1      | Reached XP level 3. HP: 20/20 MP: 6/6
  1650 | D:2      | Identified the +10 mace of Urgency {elec, Dex+3}
  1786 | D:2      | Reached skill level 1 in Fighting
  2174 | D:3      | Reached XP level 4. HP: 25/25 MP: 7/7
  2182 | D:3      | Learned a level 3 spell: Confusing Touch
  2196 | D:3      | Learned a level 3 spell: Tukima's Dance
  2282 | D:3      | Found a basalt altar of Yredelemnul.
  2582 | D:3      | Reached XP level 5. HP: 27/29 MP: 4/9
  2795 | D:3      | Found a white marble altar of Elyvilon.
  3889 | D:4      | Noticed a black bear
  3896 | D:4      | Killed a black bear
  3897 | D:4      | Reached skill level 5 in Stealth
  3897 | D:4      | Reached XP level 6. HP: 35/35 MP: 7/10
  4390 | D:4      | Noticed a black bear
  4394 | D:4      | Killed a black bear
  4395 | D:4      | Reached XP level 7. HP: 40/40 MP: 11/11
  4615 | D:5      | Entered Level 5 of the Dungeon
  4727 | D:5      | Found a staircase to the Ecumenical Temple.
  4734 | Temple   | Entered the Ecumenical Temple
  4934 | D:5      | Reached skill level 1 in Ice Magic
  5011 | D:5      | Reached skill level 5 in Hexes
  5286 | D:5      | Found Oredisary's Magic Scroll Shop.
  5291 | D:5      | Bought a scroll of identify for 30 gold pieces
  5375 | D:5      | Noticed Edmund
  5503 | D:5      | Reached XP level 8. HP: 37/46 MP: 4/13
  5599 | D:5      | Found an opulent altar of Gozag.
  5600 | D:5      | Found a glowing golden altar of the Shining One.
  5601 | D:5      | Found a radiant altar of Vehumet.
  5635 | D:5      | Killed Edmund
  5921 | Temple   | Became a worshipper of Dithmenos the Shadowed
  6757 | D:6      | Found a blossoming altar of Fedhas.
  6820 | D:6      | Reached skill level 5 in Dodging
  6820 | D:6      | Reached XP level 9. HP: 52/52 MP: 15/15
  6895 | D:6      | Reached skill level 5 in Short Blades
  7098 | D:6      | Learned a level 3 spell: Dazzling Flash
  7102 | D:6      | Learned a level 3 spell: Frozen Ramparts
  7117 | D:7      | Found Buemuo's Armour Shop.
  7357 | D:7      | Reached skill level 1 in Invocations
  7458 | D:7      | Found a stormy altar of Qazlal.
  7459 | D:7      | Reached * piety under Dithmenos
  7485 | D:7      | Reached skill level 1 in Armour
  7587 | D:7      | Found a hide-covered altar of Uskayaw.
  8239 | D:7      | Found Cheibriados's Comfort Zone.
  8241 | D:7      | Found a snail-covered altar of Cheibriados.
  8760 | D:7      | Reached skill level 5 in Spellcasting
  8763 | D:7      | Identified the +2 flail of the Past {vorpal, Will+}
  8988 | D:8      | Reached XP level 10. HP: 58/58 MP: 13/17
  9760 | D:8      | Found a sparkling altar of Nemelex Xobeh.
  9934 | D:8      | Reached skill level 5 in Fighting
 10635 | D:9      | Reached ** piety under Dithmenos
 11171 | D:9      | Found a bloodstained altar of Trog.
 11860 | D:10     | Entered Level 10 of the Dungeon
 12096 | D:10     | Reached XP level 11. HP: 64/64 MP: 12/19
 12188 | D:10     | Identified 2 scrolls of acquirement
 12189 | D:10     | Acquired the amulet of Nanieb {RegenMP -Tele rElec rC+
                  | Int+2}
 12196 | D:10     | Acquired 787 gold pieces
 12573 | D:10     | Found a staircase to the Lair.
 12665 | D:10     | Reached *** piety under Dithmenos
 13097 | D:7      | Acquired the +3 Mad Mage's Maulers {Infuse+∞ RegenMP Int-3}
 13097 | D:7      | Found the +3 Mad Mage's Maulers {Infuse+∞ RegenMP Int-3}
 13103 | D:7      | Acquired 1035 gold pieces
 13104 | D:7      | Bought the +2 pair of boots "Futujil" {Dex+3 Slay+3} for
                  | 565 gold pieces
 13181 | D:5      | Bought a scroll of blinking for 112 gold pieces
 13181 | D:5      | Bought a scroll of fear for 52 gold pieces
 13181 | D:5      | Bought a scroll of teleportation for 45 gold pieces
 13590 | Lair:1   | Entered Level 1 of the Lair of Beasts
 13628 | Lair:1   | Found a frozen archway.
 13667 | IceCv    | Entered an ice cave
 13692 | IceCv    | Reached skill level 5 in Ice Magic
 14092 | IceCv    | Noticed a white draconian
 14127 | IceCv    | Killed a white draconian
 14128 | IceCv    | Reached skill level 1 in Maces & Flails
 14242 | IceCv    | Reached skill level 1 in Bows
 14345 | IceCv    | Reached **** piety under Dithmenos
 14959 | Lair:1   | Noticed a fire dragon
 14963 | Lair:1   | Killed a fire dragon
 14964 | Lair:1   | Reached XP level 12. HP: 71/71 MP: 0/21
 14973 | Lair:1   | Reached skill level 5 in Invocations
 14986 | Lair:1   | Identified the +0 chain mail of the Evening Star {rPois
                  | Will+ Str-4 Dex+6}
 14990 | Lair:1   | Got Sif Muna's Catalogue of Changing
 15740 | Lair:2   | Noticed a six-headed hydra
 15742 | Lair:2   | Noticed Fannar
 15767 | Lair:2   | Killed a six-headed hydra
 15785 | Lair:2   | Killed Fannar
 15908 | Lair:2   | Noticed a catoblepas
 15912 | Lair:2   | Killed a catoblepas
 16183 | Lair:2   | Learned a level 4 spell: Leda's Liquefaction
 16184 | Lair:3   | Found a staircase to the Swamp.
 16594 | Lair:3   | Reached skill level 10 in Stealth
 16678 | Lair:3   | Reached skill level 10 in Hexes
 17488 | Lair:4   | Noticed a seven-headed hydra
 17626 | Lair:4   | Reached XP level 13. HP: 76/76 MP: 1/23
 17715 | Lair:4   | Killed a seven-headed hydra
 17923 | Lair:4   | Reached skill level 5 in Maces & Flails
 18222 | Lair:4   | Reached ***** piety under Dithmenos
 18332 | Lair:4   | Noticed Snorg
 18336 | Lair:4   | Killed Snorg
 18375 | Lair:4   | Found a hole to the Spider Nest.
 18732 | Lair:5   | Reached skill level 5 in Armour
 18923 | Lair:5   | Gained mutation: Your muscles are strong. (Str +2) [potion
                  | of mutation]
 18923 | Lair:5   | Gained mutation: You are clumsy. (Dex -2) [potion of
                  | mutation]
 18924 | Lair:5   | Lost mutation: Your muscles are strong. (Str +2) [potion of
                  | mutation]
 18924 | Lair:5   | Lost mutation: You are clumsy. (Dex -2) [potion of
                  | mutation]
 18924 | Lair:5   | Gained mutation: You are agile. (Dex +2) [potion of
                  | mutation]
 18925 | Lair:5   | Lost mutation: You are agile. (Dex +2) [potion of mutation]
 18925 | Lair:5   | Gained mutation: You are dopey. (Int -2) [potion of
                  | mutation]
 18926 | Lair:5   | Lost mutation: You are dopey. (Int -2) [potion of mutation]
 18926 | Lair:5   | Gained mutation: Your muscles are strong. (Str +2) [potion
                  | of mutation]
 18926 | Lair:5   | Gained mutation: You occasionally shout uncontrollably at
                  | your foes. [potion of mutation]
 18926 | Lair:5   | Gained mutation: Your skin changes colour to match your
                  | surroundings (Stealth+). [potion of mutation]
 19260 | Lair:5   | HP: 3/78 [cane toad (6)]
 19260 | Lair:5   | Slain by a basilisk

Illustrated notes

Levels and vault maps discovered:
D:1:      sevenhm_arrival_forest_fort_large_1, layout_basic
D:2:      layout_rooms
D:3:      layout_rooms, lemuel_doored_altar, elyvilon_altar_4, serial_glass,
          glass_columns_a, glass_columns_a, glass_columns_a, glass_columns_a,
          glass_columns_a, glass_columns_a, kennysheep_potato
D:4:      layout_basic
D:5:      layout_rooms, chequers_temple_overflow_statue_of_worship,
          minmay_temple_entry_hall, serial_shops, shop, uniq_edmund
D:6:      layout_loops_ring, fedhas_bush_and_centaur_altar,
          minmay_misc_feat_secret_circle
D:7:      layout_basic, old_standard_altar, mainiacjoe_overflow_catwalk,
          serial_shops, shop_statue, corexii_item_surrounded_by_moat,
          minmay_shop_chei, st_stairs_4, minmay_starry_boxes
D:8:      layout_layer_cave, marbit_many_paths
D:9:      layout_gridville, bloody_trog, minmay_crystal_room,
          david_defended_altar_orc
D:10:     layout_loops_cross, erik_lair_island
Temple:   nicolae_temple_hex_pool
Lair:1:   dragon1_lemuel, layout_cave_pods, portal_ice_cave_entry_ice_simulacra
Lair:2:   layout_loops_ring, nicolae_lair_lil_pond, beast_lair_carwin_11,
          uniq_fannar
Lair:3:   layout_layer_cave, swamp_mist, serial_forest,
          infiniplex_forest_lined_3, infiniplex_forest_lined_3,
          infiniplex_forest_lined_3_way, infiniplex_forest_lined_4_way,
          infiniplex_forest_straight_2, infiniplex_forest_clump_medium,
          infiniplex_forest_lined_corner
Lair:4:   regret_index_tunnel_blossom, layout_misc_corridors,
          spider_nest_entry_web_field, uniq_snorg
Lair:5:   layout_cave_pods, minmay_slime_entry_oklob_open, fungi_pond_lemuel,
          grunt_megastairs_2, serial_bayou_shore_a

Skill      XL: |  1  2  3  4  5  6  7  8  9 10 11 12 13 |
---------------+----------------------------------------+-----
Fighting       | 1 2 3 4 5 6 7 8 |  8.0
Short Blades   | 2 3 4 5 7 8 9 |  9.6
Dodging        | 3 4 5 6 7 8 9 |  9.1
Hexes          | 4 5 6 7 8 9 10 11 | 11.0
Stealth        | 5 6 7 8 9 10 11 | 11.1
Spellcasting   | 3 4 5 6 7 |  7.7
Ice Magic      | 1 2 3 4 5 6 |  6.8
Invocations    | 2 3 4 5 6 |  6.7
Armour         | 1 2 3 4 5 |  5.0
Maces & Flails | 2 4 5 |  5.9
Bows           | 1 |  1.2

Action                   |  1- 3 |  4- 6 |  7- 9 | 10-12 | 13-15 || total
-------------------------+-------+-------+-------+-------+-------++-------
Melee: Dagger            |    61 |    57 |   210 |   354 |   171 ||   853
       Punch             |       |       |     1 |     3 |     4 ||     8
       Mace              |       |       |       |    71 |    28 ||    99
 Cast: Ensorcelled Hiber |     5 |    31 |    64 |    69 |    41 ||   210
       Confusing Touch   |       |     1 |    17 |    33 |     5 ||    56
       Tukima's Dance    |       |       |     2 |     2 |       ||     4
       Frozen Ramparts   |       |       |     6 |    12 |     6 ||    24
  Use: Scroll            |       |       |     7 |    16 |     2 ||    25
       Potion            |       |       |       |     2 |     5 ||     7
 Stab: Sleeping          |    25 |    24 |    56 |    83 |    34 ||   222
       Confused          |       |     2 |     9 |    19 |     7 ||    37
       Distracted        |       |       |       |     1 |     2 ||     3
Armor: Robe              |       |     6 |     9 |       |       ||    15
       Steam dragon scal |       |       |    23 |    11 |       ||    34
       Troll leather arm |       |       |       |    60 |    47 ||   107
Dodge: Dodged            |    26 |    42 |   169 |   286 |   175 ||   698

Table legend: (Time is in decaauts)
 A = Elapsed time spent in this place.
 B = Non-inter-level travel time spent in this place.
 C = Inter-level travel time spent in this place.
 D = Time resting spent in this place.
 E = Time spent auto-exploring this place.
 F = Levels seen in this place.
 G = Mean time per level.
                   A        B        C        D        E       F      G
               +--------+--------+--------+--------+--------+-----+--------+
         Total |  19040 |  16125 |   2915 |   1529 |  10984 |  17 | 1120.0 |
       Dungeon |  13305 |  12156 |   1149 |   1246 |   8983 |  10 | 1330.5 |
        Temple |    182 |    136 |     46 |      0 |    120 |   1 |  182.0 |
          Lair |   4791 |   3071 |   1720 |    127 |   1846 |   5 |  958.2 |
      Ice Cave |    761 |    761 |      0 |    156 |     35 |   1 |  761.0 |
               +--------+--------+--------+--------+--------+-----+--------+

Top non-repeatable levels by time:
     D:8: 1776 daAuts
     D:1: 1616 daAuts
     D:4: 1568 daAuts
     D:5: 1508 daAuts
     D:7: 1486 daAuts
     D:9: 1401 daAuts
  Lair:3: 1332 daAuts
     D:6: 1239 daAuts
    D:10: 1145 daAuts
  Lair:4: 1039 daAuts
     D:3: 997 daAuts
  Lair:1: 963 daAuts
  Lair:2: 826 daAuts
   IceCv: 761 daAuts
  Lair:5: 629 daAuts
